 Dungeon Crawl Stone Soup version 0.29-a0-234-g0dae59b3db (webtiles) character file.

Game seed: 9141632932782568992

12359 siradein the Artisan of Death (level 11, -5/83 (85) HPs)
             Began as a Yellow Draconian Necromancer on Mar 3, 2022.
             Was a Priest of Kikubaaqudgha.
             Killed from afar by a death drake (17 damage)
             ... with a foul vapour
             ... in a Gauntlet.
             The game lasted 00:47:22 (14083 turns).

siradein the Artisan of Death (DrNe)               Turns: 14083, Time: 00:47:22

HP:   -5/83 (85)    AC: 13    Str: 14    XL:     11   Next: 61%
MP:   15/23         EV: 14    Int: 20    God:    Kikubaaqudgha [***...]
Gold: 751           SH:  4    Dex: 17    Spells: 7/27 levels left

rFire   . . .      SeeInvis +   q - +6 long sword "Nagguce" {vamp, rElec SInv}
rCold   . . .      Faith    .   (no shield)
rNeg    . . .      Spirit   .   (body armour unavailable)
rPois   .          Reflect  .   z - +1 hat
rElec   +          Harm     .   (no cloak)
rCorr   +          Rampage  .   i - +2 pair of gloves {Str+3}
Will    .....      NoTele   +   b - +1 pair of boots
Stlth   ++........              C - amulet of magic regeneration
HPRegen 0.23/turn               D - +6 ring of dexterity
MPRegen 0.58/turn               (no ring)

@: lethally poisoned (-5 -> -54), short of breath, slowed, lightly drained, very
slow
A: spit acid, AC +7, unfitting armour, cold-blooded, acid resistance, stinger 1,
large bone plates 1, MP-powered wands
a: Breathe Acid, Renounce Religion, Receive Corpses


You were in a Gauntlet.
You worshipped Kikubaaqudgha.
Kikubaaqudgha was most pleased with you.
You visited 2 branches of the dungeon, and saw 12 of its levels.
You also visited: Ossuary and Gauntlet.

You collected 751 gold pieces.

Inventory:

Hand Weapons
 q - the +6 long sword "Nagguce" (weapon) {vamp, rElec SInv}
   (You found it on level 5 of the Dungeon)

   It occasionally heals its wielder for a portion of the damage dealt when it
   wounds a living foe.
   rElec:     It insulates you from electricity.
   SInv:      It lets you see invisible.
Missiles
 c - 4 throwing nets
Armour
 b - a +1 pair of boots (worn)
 i - a +2 pair of gloves of strength (worn)
 z - a +1 hat (worn)
Magical Staves
 l - a staff of fire
 o - a staff of air
Jewellery
 C - an amulet of magic regeneration (around neck)
 D - a +6 ring of dexterity (left hand)
Wands
 k - a wand of paralysis (23)
 m - a wand of acid (5)
 r - a wand of mindburst (14)
 A - a wand of iceblast (9)
Scrolls
 a - 3 scrolls of immolation
 d - a scroll of vulnerability {unknown}
 h - 2 scrolls of amnesia
 n - 5 scrolls of teleportation
 s - a scroll of fear {unknown}
 t - 2 scrolls of blinking {unknown}
 u - 3 scrolls of enchant armour {unknown}
 y - 2 scrolls of summoning {unknown}
 E - a scroll of torment {unknown}
 I - 2 scrolls of noise {unknown}
 J - a scroll of silence {unknown}
 K - a scroll of enchant weapon
Potions
 e - a potion of degeneration {unknown}
 f - 3 potions of heal wounds
 g - 9 potions of curing
 j - 4 potions of mutation
 p - 4 potions of brilliance {unknown}
 v - a potion of invisibility {unknown}
 w - 2 potions of flight {unknown}
 x - 2 potions of lignification {unknown}
 B - a potion of cancellation {unknown}
 F - 4 potions of haste {unknown}
 G - a potion of magic {unknown}
 H - a potion of might {unknown}
 L - a potion of attraction {unknown}


   Skills:
 + Level 4.8 Fighting
 + Level 4.6 Dodging
 - Level 1.7 Stealth
 + Level 8.7 Spellcasting
 + Level 6.8 Conjurations
 + Level 11.5 Necromancy
 + Level 7.6 Earth Magic


You had 7 spell levels left.
You knew the following spells:

 Your Spells              Type           Power      Damage    Failure   Level
a - Pain                  Necr           100%       1d9       1%          1
b - Vampiric Draining     Necr           53%        2d9       1%          3
c - Animate Dead          Necr           26%        N/A       1%          4
d - Borgnjor's Vile Clut  Necr/Erth      23%        N/A       4%          5
e - Stone Arrow           Conj/Erth      74%        3d11      1%          3
f - Dispel Undead         Necr           53%        3d19      1%          4

Your spell library contained the following spells:

 Spells                   Type           Power      Damage    Failure   Level
 Animate Skeleton         Necr           100%       N/A       1%          1
 Magic Dart               Conj           100%       1d8       1%          1
 Corpse Rot               Necr/Air       62%        N/A       1%          2
 Agony                    Necr           53%        N/A       1%          5
 Excruciating Wounds      Necr           26%        N/A       1%          5
 Dazzling Flash           Conj/Hex       44%        N/A       6%          3
 Anguish                  Hex/Necr       15%        N/A       8%          4
 Mephitic Cloud           Conj/Pois/Air  17%        N/A       10%         3
 Lee's Rapid Deconstruct  Erth           19%        3d12*     10%         5
 Call Imp                 Summ           8%         N/A       12%         2
 Leda's Liquefaction      Hex/Erth       12%        N/A       16%         4
 Frozen Ramparts          Ice            16%        1d3       24%         3
 Iron Shot                Conj/Erth      18%        9d4       52%         6
 Ice Form                 Ice/Tmut       8%         N/A       61%         4
 Summon Ice Beast         Ice/Summ       8%         N/A       61%         4
 Simulacrum               Ice/Necr       15%        N/A       75%         6
 Blade Hands              Tmut           4%         N/A       91%         5
 Silence                  Hex/Air        4%         N/A       91%         5
 Statue Form              Tmut/Erth      16%        N/A       94%         6
 Animate Armour           Summ/Erth      Unusable   N/A       N/A         4

Dungeon Overview and Level Annotations

Branches:
Dungeon (11/15)            Temple (1/1) D:6            Lair (0/6) D:9
Ossuary (visited)         Gauntlet (1/1)
    Orc: D:9-12

Altars:
Ashenzari
Cheibriados
Dithmenos
Elyvilon
Fedhas
Gozag
Hepliaklqana
Kikubaaqudgha
Makhleb
Nemelex Xobeh
Okawaru
Qazlal
Ru
Sif Muna
Trog
Uskayaw
Vehumet
Wu Jian
Xom
Yredelemnul
Zin
The Shining One

Shops:
D:6 *

Annotations:
D:3 exclusion: statue
D:10 2 transporters Gauntlet 11 transporters


Innate Abilities, Weirdness & Mutations

You can spit globs of acid.
Your golden yellow scales are hard. (AC +7)
You cannot fit into any form of body armour.
You are cold-blooded and may be slowed by cold attacks.
You are resistant to acid. (rCorr)
Your tail ends in a venomous barb.
You are partially covered in large bone plates. (SH +4)
You expend magic power (3 MP) to strengthen your wands.


Message History

You feel very sick. The death drake breathes miasma at you.
The foul vapour engulfs you!
You are more poisoned.
* * * LOW HITPOINT WARNING * * *
The death drake bites you but does no damage.
Unknown command.
You feel much better.
You are engulfed in dark miasma.
You are lethally poisoned!
* * * LOW HITPOINT WARNING * * *
You feel extremely sick.
The death drake is no longer covered in acid.
The death drake bites you but does no damage.
You block the death drake's attack.
Casting: Vampiric Draining (safe; 1% risk of failure)
Confirm with . or Enter, or press ? or * to list all spells.
Aiming: Vampiric Draining (safe; 1% risk of failure)
Press: ? - help, Shift-Dir - straight line, f/p - death drake
Aim: a death drake (moderately wounded)
You draw life force from the death drake!
You feel life coursing into your body.
* * * LOW HITPOINT WARNING * * *
You feel extremely sick.
The death drake bites you but does no damage.
The death drake bites you.
* * * LOW HITPOINT WARNING * * *
Casting: Vampiric Draining (safe; 1% risk of failure)
Confirm with . or Enter, or press ? or * to list all spells.
Aiming: Vampiric Draining (safe; 1% risk of failure)
Press: ? - help, Shift-Dir - straight line, f/p - death drake
Aim: a death drake (heavily wounded)
You draw life force from the death drake!
You feel life coursing into your body.
* * * LOW HITPOINT WARNING * * *
You feel extremely sick. The death drake breathes miasma at you.
The foul vapour engulfs you!
You are more poisoned.
You die...
Kikubaaqudgha rasps: "You have failed me!
Welcome... death!"

#§§..###########..........
##§....................8..
##.8.....8.....8.........
#≈...............########
##...#########...#......x
#≈...#..○○...#...#.#.##.#
##...#°Z####)#####...#...
#≈...#○#k..#[#...#..##.##
##.8©#Z#@©.#©#©8©#X.#.©#.
#≈...#.#...#.#...#X##.##.
##...#.####.!#####x......
#≈...#.......#...#x#.##.#
##...#########...#..X.xx.
#≈...............########
##.8.....8.....8.........
#≈.....§..............8..
##≈#≈#§#≈#≈#≈#≈#.........


You could see a death drake (catching breath) and a spectral wolf spider.

Vanquished Creatures
  Harold (D:7)
  A boulder beetle (D:8)
  3 two-headed ogres
  Joseph (D:7)
  A komodo dragon (D:9)
  A troll (D:10)
  A hornet (D:9)
  Sigmund (D:3)
  2 wraiths (D:10)
  A wyvern (D:8)
  2 shadows
  9 yaks
  A basilisk (D:10)
  2 acid dragons
  8 water moccasins
  2 ice beasts
  5 black bears
  A hornet zombie (Gauntlet)
  6 orc warriors
  2 centaurs (D:8)
  3 ogres
  3 phantoms
  8 bullfrogs
  4 kobold brigands
  3 elf zombies (Ossuary)
  A necrophage (D:7)
  2 scorpions
  4 wights (D:6)
  2 killer bees
  4 electric eels (D:8)
  6 howler monkeys
  A hound (D:4)
  2 jellies
  4 orc priests
  2 gnoll shamans (D:8)
  Ijyb (D:3)
  4 iguanas
  12 orc wizards
  A hound zombie (Ossuary)
  4 mummies (Ossuary)
  Robin (D:4)
  8 gnolls
  11 adders
  2 white imps
  2 ufetubi (D:7)
  An adder zombie (Ossuary)
  A worm (D:2)
  2 dart slugs
  35 orcs
  5 endoplasms
  4 giant cockroaches
  12 goblins
  12 hobgoblins
  4 jackals (D:1)
  13 kobolds
  4 quokkas
  6 ball pythons
  6 bats
  2 frilled lizards
  2 goblin zombies (Ossuary)
  A kobold zombie (Ossuary)
  An orc zombie (Ossuary)
  4 rats
  3 rat zombies (Ossuary)
264 creatures vanquished.

Vanquished Creatures (collateral kills)
  A troll (D:7)
1 creature vanquished.

Vanquished Creatures (others)
  A demonic plant (Gauntlet)
  15 fungi (D:9)
  20 plants (D:9)
36 creatures vanquished.

Grand Total: 301 creatures vanquished

Notes
Turn   | Place    | Note
-------+----------+-------------------------------------------
     0 | D:1      | siradein the Draconian Necromancer began the quest for the
                  | Orb.
     0 | D:1      | Reached XP level 1. HP: 14/14 MP: 3/3
   588 | D:1      | Reached XP level 2. HP: 19/20 MP: 3/5
   622 | D:1      | Got the Disquisition on the Rocks
  1284 | D:2      | Reached XP level 3. HP: 18/26 MP: 1/7
  1819 | D:2      | Found a faded altar of an unknown god.
  2104 | D:2      | Reached XP level 4. HP: 31/33 MP: 5/8
  2108 | D:2      | Learned a level 3 spell: Vampiric Draining
  2113 | D:2      | Learned a level 4 spell: Animate Dead
  2211 | D:2      | Reached skill level 5 in Necromancy
  2504 | D:3      | Noticed Sigmund
  2522 | D:3      | Noticed an ogre
  2716 | D:3      | Killed an ogre
  2717 | D:3      | Reached XP level 5. HP: 5/38 MP: 0/10
  3085 | D:3      | Noticed Ijyb
  3529 | D:3      | Killed Ijyb
  3699 | D:3      | Found a glowing silver altar of Zin.
  3835 | D:3      | Killed Sigmund
  3836 | D:3      | Reached skill level 6 in Necromancy
  3836 | D:3      | Reached XP level 6. HP: 14/45 MP: 2/13
  4160 | D:3      | Found a radiant altar of Vehumet.
  4651 | D:4      | Learned a level 5 spell: Borgnjor's Vile Clutch
  4752 | D:4      | Reached skill level 5 in Spellcasting
  4843 | D:4      | Reached skill level 1 in Earth Magic
  4843 | D:4      | Your scales start taking on a golden yellow colour.
  4843 | D:4      | Reached XP level 7. HP: 13/50 MP: 8/14
  4843 | D:4      | Gained mutation: You are resistant to acid. (rCorr) [Yellow
                  | Draconian growth]
  5286 | D:4      | Noticed Robin
  5296 | D:4      | Killed Robin
  5688 | D:5      | Entered Level 5 of the Dungeon
  5741 | D:5      | Reached skill level 7 in Necromancy
  6166 | D:5      | Identified the +6 long sword "Nagguce" {vamp, rElec SInv}
  6350 | D:5      | Found a glowing golden altar of the Shining One.
  6411 | D:5      | Reached XP level 8. HP: 34/57 MP: 10/16
  6749 | D:6      | Found a white marble altar of Elyvilon.
  6776 | D:6      | Found a staircase to the Ecumenical Temple.
  6787 | Temple   | Entered the Ecumenical Temple
  6820 | Temple   | Became a worshipper of Kikubaaqudgha
  6870 | D:6      | Learned a level 3 spell: Stone Arrow
  6931 | D:6      | Found a sand-covered staircase.
  6936 | Ossuary  | Entered an ossuary
  7029 | Ossuary  | Reached skill level 1 in Conjurations
  7029 | Ossuary  | Reached skill level 8 in Necromancy
  7364 | Ossuary  | Learned a level 1 spell: Pain
  7373 | D:6      | Found Jiriyfro's Neck Hole.
  7679 | D:6      | Reached * piety under Kikubaaqudgha
  7679 | D:6      | Received a gift from Kikubaaqudgha
  8189 | D:6      | Reached skill level 9 in Necromancy
  8189 | D:6      | Reached XP level 9. HP: 62/62 MP: 10/18
  8667 | D:6      | Gained mutation: You expend magic power (3 MP) to
                  | strengthen your wands. [potion of mutation]
  8667 | D:6      | Gained mutation: Your tail ends in a venomous barb. [potion
                  | of mutation]
  8667 | D:6      | Gained mutation: You are partially covered in large bone
                  | plates. (SH +4) [potion of mutation]
  8752 | D:7      | Noticed Harold
  8775 | D:7      | Killed Harold
  8776 | D:7      | Reached skill level 5 in Earth Magic
  8939 | D:7      | Reached skill level 10 in Necromancy
  9184 | D:7      | Identified the +10 glaive "Teuptil" {holy, rElec Int+4}
  9208 | D:7      | Reached ** piety under Kikubaaqudgha
  9318 | D:7      | Noticed a two-headed ogre
  9324 | D:7      | Killed a two-headed ogre
  9325 | D:7      | Reached XP level 10. HP: 55/69 MP: 3/21
  9397 | D:7      | Noticed Joseph
  9691 | D:7      | Killed Joseph
  9694 | D:7      | Reached skill level 1 in Fighting
  9835 | D:7      | Reached skill level 5 in Conjurations
 10316 | D:8      | Noticed a boulder beetle
 10409 | D:8      | Killed a boulder beetle
 10642 | D:8      | Found a hide-covered altar of Uskayaw.
 10730 | D:8      | Found an ornate altar of the Wu Jian Council.
 10805 | D:8      | Reached skill level 11 in Necromancy
 10898 | D:8      | Noticed a two-headed ogre
 10912 | D:8      | Killed a two-headed ogre
 11401 | D:8      | Reached XP level 11. HP: 78/82 MP: 17/23
 11827 | D:8      | Noticed a tengu warrior
 11847 | D:8      | Noticed a centaur warrior
 11847 | D:8      | Noticed a two-headed ogre
 11847 | D:8      | Noticed a tengu warrior
 12773 | D:9      | Found a staircase to the Lair.
 12968 | D:9      | Found a sacrificial altar of Ru.
 13015 | D:9      | Reached *** piety under Kikubaaqudgha
 13015 | D:9      | Received a gift from Kikubaaqudgha
 13021 | D:9      | Learned a level 4 spell: Dispel Undead
 13165 | D:10     | Entered Level 10 of the Dungeon
 13447 | D:10     | Noticed a two-headed ogre
 13452 | D:10     | Killed a two-headed ogre
 13545 | D:10     | Found an iron altar of Okawaru.
 13570 | D:10     | Found a burning altar of Makhleb.
 13621 | D:10     | Found a basalt altar of Yredelemnul.
 13623 | D:10     | Noticed a deep elf knight
 13634 | D:10     | Found a transporter.
 13648 | D:10     | Found a transporter.
 13807 | D:11     | Found a gate leading to a gauntlet.
 13812 | Gauntlet | Entered a Gauntlet
 13812 | Gauntlet | Found a transporter.
 13818 | Gauntlet | Noticed a reaper
 13821 | Gauntlet | Found a transporter.
 13834 | Gauntlet | Found a transporter.
 13838 | Gauntlet | Found a transporter.
 13848 | Gauntlet | Found a transporter.
 13867 | Gauntlet | Noticed a death yak
 13868 | Gauntlet | Found a transporter.
 13881 | Gauntlet | Found a transporter.
 13881 | Gauntlet | Noticed a death yak
 13899 | Gauntlet | Noticed a large abomination
 13901 | Gauntlet | Found a transporter.
 13905 | Gauntlet | Found a transporter.
 13909 | Gauntlet | Noticed a death drake
 13913 | Gauntlet | Found a transporter.
 13940 | Gauntlet | Noticed a death yak
 13940 | Gauntlet | Noticed a death yak
 13941 | Gauntlet | Noticed a death yak
 13943 | Gauntlet | Found a transporter.
 13943 | Gauntlet | Found a transporter.
 13943 | Gauntlet | Noticed a death yak
 14083 | Gauntlet | Killed from afar by a death drake

Illustrated notes

Levels and vault maps discovered:
D:1:      eino_arrival_cavern_c, layout_loops_corners
D:2:      layout_rooms, nicolae_ecumenical_snake_handling
D:3:      layout_loops_cross, zin_statuary, vehumet_statue,
          minmay_misc_feat_pillars, uniq_ijyb, uniq_sigmund
D:4:      layout_cave_pools, serial_column_ruins, column_ruins_open_small_water,
          column_ruins_grid_1, column_ruins_open_tiny, column_ruins_open_small,
          column_ruins_open_tiny, column_ruins_open_tiny,
          column_ruins_columns_straight, serial_park_tiny_1, uniq_robin
D:5:      layout_basic, mainiacjoe_overflow_catwalk
D:6:      layout_loops_corners, mainiacjoe_overflow_small_starburst,
          minmay_temple_entry_overgrown, enter_ossuary_2, st_stairs_14,
          nicolae_shop_sticking_my_neck_out
D:7:      layout_rooms, minmay_misc_feat_tiny, minmay_alternating_orb,
          uniq_joseph, uniq_harold
D:8:      nzn_winding_woodlands_large [nzn_winding_woodlands_5x5_perimeter,
          nzn_winding_woodlands_5x15_pockets,
          nzn_winding_woodlands_5x5_checkerboard,
          nzn_winding_woodlands_center_pierced_h,
          nzn_winding_woodlands_15x15_killbox,
          nzn_winding_woodlands_center_triple_pond,
          nzn_winding_woodlands_hourglass, nzn_winding_woodlands_5x15_sawtooth,
          nzn_winding_woodlands_5x5_open_star], layout_basic,
          nicolae_uskayaw_murder_on_the_dancefloor, lemuel_doored_altar,
          kennysheep_diamond, hangedman_decor_clover_reticule
D:9:      layout_stronghold, nicolae_ru_the_path_less_chosen,
          due_lair_maze_entry_diamond, serial_column_ruins,
          column_ruins_square_medium, column_ruins_open_tiny,
          column_ruins_columns_straight, column_ruins_grid_1,
          column_ruins_columns_straight, column_ruins_corridor_straight,
          column_ruins_grid_1
D:10:     layout_big_octagon, mainiacjoe_overflow_chevrons,
          mainiacjoe_overflow_boulevard, gammafunk_temple_overflow_arena
D:11:     layout_roguey, orc_0_dummy, gauntlet_entry_generic, minmay_holes,
          uniq_erica, uniq_fannar
Temple:   minmay_temple_bridge_abc
Gauntlet: minmay_gauntlet_mixed_oops_all_seconds [minmay_gauntlet_arena_77_box,
          gammafunk_gauntlet_arena_teeth, minmay_gauntlet_arena_77_double_cross,
          nicolae_gauntlet_arena_grate_2, minmay_gauntlet_arena_77_block_sizes,
          gammafunk_gauntlet_arena_mazey,
          nicolae_gauntlet_exit_dead_adventurers]

Skill      XL: |  1  2  3  4  5  6  7  8  9 10 11 |
---------------+----------------------------------+-----
Spellcasting   | 3 4 5 6 7 8 |  8.7
Necromancy     | 5 6 7 9 10 11 | 11.5
Earth Magic    | 1 2 4 5 6 7 |  7.6
Conjurations   | 2 4 5 6 |  6.8
Dodging        | 3 4 |  4.6
Fighting       | 3 4 |  4.8
Stealth        | |  1.7

Action                   |  1- 3 |  4- 6 |  7- 9 | 10-12 || total
-------------------------+-------+-------+-------+-------++-------
Melee: Dagger            |     1 |       |       |       ||     1
       Mace              |    22 |    39 |     5 |       ||    66
       Tailslap          |     3 |     6 |    16 |    18 ||    43
       Punch             |       |     1 |     1 |     1 ||     3
       Long sword        |       |       |   181 |   101 ||   282
 Cast: Pain              |    71 |    81 |    84 |     2 ||   238
       Vampiric Draining |       |     7 |    23 |    13 ||    43
       Stone Arrow       |       |       |    16 |    77 ||    93
       Animate Dead      |       |       |     2 |     5 ||     7
       Borgnjor's Vile C |       |       |       |    32 ||    32
       Dispel Undead     |       |       |       |     6 ||     6
 Abil: Breathe Acid      |       |       |    18 |    14 ||    32
  Use: Scroll            |       |       |     6 |     3 ||     9
       Potion            |       |       |     1 |     1 ||     2
 Stab: Sleeping          |       |       |     1 |       ||     1
Armor: Skin              |    19 |    26 |   137 |    75 ||   257
Dodge: Dodged            |    26 |    37 |   192 |   102 ||   357
Block: Other             |       |       |    21 |    32 ||    53

Table legend: (Time is in decaauts)
 A = Elapsed time spent in this place.
 B = Non-inter-level travel time spent in this place.
 C = Inter-level travel time spent in this place.
 D = Time resting spent in this place.
 E = Time spent auto-exploring this place.
 F = Levels seen in this place.
 G = Mean time per level.
                   A        B        C        D        E       F      G
               +--------+--------+--------+--------+--------+-----+--------+
         Total |  14244 |  14012 |    232 |   2066 |   9121 |  14 | 1017.4 |
       Dungeon |  13456 |  13224 |    232 |   2055 |   8700 |  11 | 1223.3 |
        Temple |     56 |     56 |      0 |      0 |     21 |   1 |   56.0 |
       Ossuary |    457 |    457 |      0 |      0 |    257 |   1 |  457.0 |
      Gauntlet |    273 |    273 |      0 |     11 |    143 |   1 |  273.0 |
               +--------+--------+--------+--------+--------+-----+--------+

Top non-repeatable levels by time:
     D:8: 1936 daAuts
     D:6: 1871 daAuts
     D:2: 1845 daAuts
     D:3: 1356 daAuts
     D:7: 1313 daAuts
     D:1: 1270 daAuts
     D:4: 1245 daAuts
     D:5: 1055 daAuts
     D:9: 911 daAuts
    D:10: 576 daAuts
 Ossuary: 457 daAuts
Gauntlet: 273 daAuts
    D:11: 73 daAuts
  Temple: 56 daAuts
